 Dungeon Crawl Stone Soup version 0.28.0-45-g0d030f2227 (webtiles) character file.

Game seed: 6206094319490645458

36 NinjaNoafa the Sneak (level 3, 0/21 HPs)
             Began as an Octopode Brigand on Apr 16, 2022.
             Slain by a bat (1 damage)
             ... on level 2 of the Dungeon.
             The game lasted 00:03:20 (1505 turns).

NinjaNoafa the Sneak (Octopode Brigand)             Turns: 1505, Time: 00:03:21

Health: 0/21       AC:  1    Str: 10    XL:     3   Next: 37%
Magic:  4/4        EV: 13    Int: 15    God:
Gold:   91         SH:  0    Dex: 13    Spells: 3/3 levels left

rFire   . . .      SeeInvis .   a - +2 dagger
rCold   . . .      Faith    .   (no shield)
rNeg    . . .      Spirit   .   (helmet restricted)
rPois   .          Reflect  .   (no amulet)
rElec   .          Harm     .   (no ring)
rCorr   .          Rampage  .   (no ring)
Will    .....                   (no ring)
Stlth   ++++......              (no ring)
HPRegen 0.07/turn               (no ring)
MPRegen 0.09/turn               (no ring)
                                (no ring)
                                (no ring)

@: brilliant, attractive
A: almost no armour, amphibious, 8 rings, camouflage 1, gelatinous body 1,
(nimble swimmer 1), tentacles, frail 1, MP-powered wands
a: no special abilities


You were on level 2 of the Dungeon.
You visited 1 branch of the dungeon, and saw 2 of its levels.

You collected 91 gold pieces.

Inventory:

Hand Weapons
 a - a +2 dagger (weapon)
 d - a +0 long sword
Missiles
 b - 8 poisoned darts (quivered)
 c - 2 curare-tipped darts
 g - 64 stones
Potions
 f - a potion of attraction


   Skills:
 + Level 2.2 Fighting
 + Level 2.2 Short Blades
 - Level 2.0 Throwing
 + Level 1.2 Dodging
 + Level 5.5 Stealth
 + Level 0.9 Spellcasting
 + Level 0.0 Conjurations
 + Level 0.9 Transmutations
 + Level 0.0 Air Magic
 + Level 1.3 Poison Magic


You had 3 spell levels left.
You didn't know any spells.
Your spell library contained the following spells:

 Spells                   Type           Power      Damage    Failure   Level
 Sting                    Tmut/Pois      24%        1d4       16%         1
 Shock                    Conj/Air       4%         1d3       26%         1
 Poisonous Vapours        Pois/Air       8%         N/A       28%         2
 Swiftness                Air            1%         N/A       58%         3
 Olgreb's Toxic Radiance  Pois           7%         N/A       80%         4
 Airstrike                Air            0%         N/A       94%         4


Dungeon Overview and Level Annotations

Branches:
Dungeon (2/15)

Altars:

Annotations:
D:2 Robin


Innate Abilities, Weirdness & Mutations

You cannot wear most types of armour.
You are amphibious.
You can wear up to eight rings at the same time.
Your skin changes colour to match your surroundings (Stealth+).
Your rubbery body absorbs attacks. (AC +1, EV +1)
((You are camouflaged when in or above water. (Stealth+)))
You have tentacles for arms and can constrict up to eight enemies at once.
You are frail. (-10% HP)
You expend magic power (3 MP) to strengthen your wands.


Message History

You hit the hobgoblin but do no damage. You grab the hobgoblin.
You constrict the hobgoblin, but do no damage.
The goblin hits you with a +0 club. The goblin misses you.
The hobgoblin struggles to escape constriction.
It was a potion of brilliance.
You feel clever all of a sudden.
You constrict the hobgoblin, but do no damage.
The bat closely misses you. The goblin hits you with a +0 club.
The goblin completely misses you. Robin throws the goblin at you!
The goblin completely misses you. The goblin hits you with a +0 club.
The hobgoblin misses you.
It was a potion of attraction.
You feel attractive to monsters.
You constrict the hobgoblin, but do no damage.
The bat hits you but does no damage. The goblin hits you with a +0 club.
* * * LOW HITPOINT WARNING * * *
The goblin barely misses you. The goblin completely misses you.
The goblin barely misses you. The goblin misses you.
The hobgoblin escapes!
The hobgoblin is attracted toward you. Robin is attracted toward you.
It was a potion of mutation.
You feel extremely strange.
You feel frail.
You feel your magical essence link to the dungeon's wands.
The goblin hits you but does no damage. The goblin barely misses you.
The goblin hits you with a +0 club.
* * * LOW HITPOINT WARNING * * *
The goblin closely misses you. The goblin barely misses you.
Blink to where?
Press: ? - help, Dir - move target
Found a scroll labelled SOCOAV WOVO.
As you read the scroll labelled WIHENE XIZAIS, it crumbles to dust.
It was a scroll of blinking.
The bat is attracted toward you.
The goblin is attracted toward you. x2; The hobgoblin is attracted toward you.
The goblin is attracted toward you. x3
Okay, then.
The bat misses you. The goblin is attracted toward you. x4
The goblin is attracted toward you. The bat barely misses you.
The goblin is attracted toward you. The hobgoblin is attracted toward you.
The bat hits you.
You die...

..)#####....##.......## #.#..
......##....##........# #.#..
....gg##....##......#.# #.#..
.§.gg.##....##......#.#######.#..
..§g.§§.....##....).#.#..........
...#.§......#########............
. #..§......g..............††...
#.....§§§.§.g.................
#......$ggggb@.....#..........
#.......############..........
#.......# #...........###
#......$# #...........# ..?
#...†.......# .. #...........# .
#...........# ########.##.#
#.>#.###


You could see a hobgoblin (strong), 5 goblins and a bat.

Vanquished Creatures
  4 ball pythons (D:1)
  4 endoplasms (D:1)
  2 giant cockroaches (D:1)
  2 goblins (D:1)
  4 hobgoblins
  5 jackals
  A quokka (D:1)
  A frilled lizard (D:2)
  3 kobolds
  6 rats
32 creatures vanquished.

Vanquished Creatures (others)
  5 toadstools (D:1)
5 creatures vanquished.

Grand Total: 37 creatures vanquished

Notes
Turn   | Place    | Note
-------+----------+-------------------------------------------
     0 | D:1      | NinjaNoafa the Octopode Brigand began the quest for the
                  | Orb.
     0 | D:1      | Reached XP level 1. HP: 14/14 MP: 1/1
   329 | D:1      | Reached XP level 2. HP: 19/19 MP: 2/2
   519 | D:1      | Reached skill level 1 in Poison Magic
   747 | D:1      | Found a faded altar of an unknown god.
   808 | D:1      | Reached XP level 3. HP: 24/24 MP: 4/4
  1493 | D:2      | Noticed Robin
  1500 | D:2      | Gained mutation: You are frail. (-10% HP) [potion of
                  | mutation]
  1500 | D:2      | Gained mutation: You expend magic power (3 MP) to
                  | strengthen your wands. [potion of mutation]
  1500 | D:2      | HP: 1/21 [goblin/+0 club[Robin] (2)]
  1505 | D:2      | Slain by a bat

Illustrated notes

Levels and vault maps discovered:
D:1:      ldierk_walled_garden, layout_loops_cross,
          shapermc_ecumenical_altar_mp_urbaneastern
D:2:      minmay_evil_eye, layout_basic, uniq_robin

Skill      XL: |  1  2 |
---------------+-------+-----
Poison Magic   | 1 |  1.3
Fighting       | |  2.2
Short Blades   | |  2.2
Throwing       | |  2.0
Dodging        | |  1.2
Stealth        | |  5.5
Spellcasting   | |  0.9
Transmutations | |  0.9

Action                   || total
-------------------------++-------
Melee: Dagger            ||    62
       Constrict         ||    11
       Tentacles         ||     6
       Punch             ||     1
  Use: Potion            ||     3
       Scroll            ||     1
 Stab: Sleeping          ||    12
Armor: Skin              ||     7
Dodge: Dodged            ||    39
